 Dungeon Crawl Stone Soup version 0.29-a0-813-g4a14ea37d6 (webtiles) character file.

Game seed: 12211143329565451426

24458 blackman the Carver (level 13, -12/88 HPs)
             Began as a Human Delver on July 4, 2022.
             Was a High Priest of Okawaru.
             Mangled by a slime creature (16 damage)
             ... on level 13 of the Dungeon.
             The game lasted 01:09:01 (35149 turns).

blackman the Carver (Human Delver)                 Turns: 35149, Time: 01:09:01

Health: -12/88     AC: 10    Str: 17    XL:     13   Next: 43%
Magic:  12/13      EV: 14    Int: 11    God:    Okawaru [*****.]
Gold:   566        SH:  0    Dex: 15    Spells: 12/12 levels left

rFire   + + +      SeeInvis .   n - +4 scimitar (flame)
rCold   + . .      Faith    +   X - +3 kite shield of Terror {rF+ rN+}
rNeg    + . .      Spirit   .   T - +3 leather armour of the Unbroken {rElec Slay+2}
rPois   .          Reflect  .   u - +1 helmet
rElec   +          Harm     .   I - scarf {rC+ rF+}
rCorr   .          Rampage  .   B - +0 pair of gloves
Will    .....                   (no boots)
Stlth   ++........              S - amulet "Elaecaekal" {Faith rF+}
HPRegen 0.24/turn               (no ring)
MPRegen 0.13/turn               (no ring)

@: confused, heroic, on berserk cooldown, hasted and slowed
A: no striking features
a: Renounce Religion, Heroism, Finesse, Duel


You were on level 13 of the Dungeon.
You worshipped Okawaru.
Okawaru was extremely pleased with you.
You visited 4 branches of the dungeon, and saw 17 of its levels.

You collected 1008 gold pieces.
You spent 442 gold pieces at shops.

Inventory:

Hand Weapons
 a - a +5 sling of flaming
 b - a +2 quick blade
 e - the +6 scimitar of War Nogg {pain, Str+3}
   (Okawaru gifted it to you on level 13 of the Dungeon)

   In the hands of one skilled in necromantic magic, it inflicts extra damage on
   living creatures.
   Str:       It affects your strength (+3).
 n - a +4 scimitar of flaming (weapon)
 U - a +0 dagger of electrocution
Missiles
 L - 13 poisoned darts (quivered)
Armour
 u - a +1 helmet (worn)
 B - a +0 pair of gloves (worn)
 E - the +2 plate armour "Pexaip" {Dex+3}
   (Okawaru gifted it to you on level 2 of the Lair of Beasts)

   Dex:       It affects your dexterity (+3).
 I - a scarf of resistance (worn)
 T - the +3 leather armour of the Unbroken (worn) {rElec Slay+2}
   (You found it on level 8 of the Dungeon)

   Slay:      It affects your accuracy & damage with ranged weapons and melee
   (+2).
   rElec:     It insulates you from electricity.
 X - the +3 kite shield of Terror (worn) {rF+ rN+}
   (You bought it in a shop on level 1 of the Orcish Mines)

   rF:        It protects you from fire.
   rN:        It protects you from negative energy.
Jewellery
 z - a ring of flight
 K - an amulet of guardian spirit
 S - the amulet "Elaecaekal" (around neck) {Faith rF+}
   (You found it on level 8 of the Dungeon)

   [amulet of faith]

   It allows you to gain divine favour quickly.
   rF:        It protects you from fire.
 W - an amulet of magic regeneration
Wands
 g - a wand of digging (12)
 p - a wand of quicksilver (2)
 y - a wand of polymorph (21)
Scrolls
 c - 3 scrolls of fog
 d - 2 scrolls of magic mapping
 f - 2 scrolls of amnesia
 h - 3 scrolls of enchant armour
 o - a scroll of teleportation
 s - 2 scrolls of identify
 x - 3 scrolls of vulnerability
 A - a scroll of silence
 D - 2 scrolls of poison
 G - a scroll of summoning
 M - a scroll of torment
 P - 2 scrolls of immolation
Potions
 i - a potion of magic {unknown}
 j - a potion of flight
 k - a potion of degeneration {unknown}
 l - 2 potions of attraction
 m - 2 potions of mutation
 q - 3 potions of haste
 r - a potion of invisibility {unknown}
 t - a potion of berserk rage
 v - 3 potions of curing
 w - 4 potions of lignification
 C - 2 potions of brilliance {unknown}
 J - a potion of might


   Skills:
 - Level 4.2(9.2) Fighting
 - Level 9.7(17.6) Short Blades
 - Level 13.0(19.2) Long Blades
 - Level 2.0(7.0) Axes
 - Level 2.0(7.0) Dodging
 - Level 5.0(10.0) Stealth
 * Level 11.7(16.7) Shields
 - Level 8.5 Evocations


You had 12 spell levels left.
You didn't know any spells.
Your spell library contained the following spells:

 Spells                   Type           Power      Damage    Failure   Level
 Slow                     Hex            0%         N/A       56%         1
 Sting                    Tmut/Pois      0%         1d3       56%         1
 Poisonous Vapours        Pois/Air       0%         N/A       71%         2
 Scorch                   Fire           0%         2d5       71%         2
 Static Discharge         Conj/Air       0%         3-3/arc   71%         2
 Confusing Touch          Hex            0%         N/A       90%         3
 Stone Arrow              Conj/Erth      0%         3d7       90%         3
 Vampiric Draining        Necr           0%         2d6       90%         3
 Flame Wave               Conj/Fire      0%         2d4       100%        4
 Olgreb's Toxic Radiance  Pois           0%         N/A       100%        4
 Lightning Bolt           Conj/Air       0%         1d11      100%        5
 Lehudib's Crystal Spear  Conj/Erth      0%         10d2      100%        8
 Maxwell's Capacitive Co  Air            0%         ∞         100%        8
 Animate Armour           Summ/Erth      Unusable   N/A       N/A         4
 Summon Cactus Giant      Summ           Unusable   N/A       N/A         6

Dungeon Overview and Level Annotations

Branches:
Dungeon (13/15)            Temple (1/1) D:5            Lair (2/6) D:9
    Orc (1/2) D:12
  Swamp: Lair:2-4    Shoals: Lair:2-4     Snake: Lair:2-4    Spider: Lair:2-4
 Vaults: D:13-14

Altars:
Ashenzari
Cheibriados
Dithmenos
Elyvilon
Fedhas
Gozag
Hepliaklqana
Kikubaaqudgha
Makhleb
Nemelex Xobeh
Okawaru
Qazlal
Ru
Sif Muna
Trog
Uskayaw
Vehumet
Wu Jian
Xom
Yredelemnul
Zin
The Shining One

Shops:
D:3 *   D:6 ![   Orc:1 [

Annotations:
D:4 2 transporters


Message History

Something draws strength from your injuries!
You block something's attack. Something bites you.
* * * LOW HITPOINT WARNING * * *
Something draws strength from your injuries!
You completely miss something. Something hits you!
* * * LOW HITPOINT WARNING * * *
Something bites you but does no damage.
The slime creature quivers.
You hit something but do no damage. Something hits you but does no damage.
Something bites you.
* * * LOW HITPOINT WARNING * * *
You feel better. Something hits you.
* * * LOW HITPOINT WARNING * * *
Something bites you.
* * * LOW HITPOINT WARNING * * *
Unknown command.
You gain the combat prowess of a mighty hero.
Something hits you.
* * * LOW HITPOINT WARNING * * *
Something bites you.
* * * LOW HITPOINT WARNING * * *
Something draws strength from your injuries!
Something hits you.
* * * LOW HITPOINT WARNING * * *
You block something's attack.
You hit something. You burn something.
You hear some strange, mumbled words.
Something tries to affect you, but you resist.
A slime creature comes into view.
You feel yourself speed up.
The slime creature quivers.
Something hits you!
* * * LOW HITPOINT WARNING * * *
Something bites you but does no damage. The slime creature barely misses you.
You hear some strange, mumbled words.
You are confused.
You bump into the rock wall.
The slime creature closely misses you. Something hits you but does no damage.
Something bites you but does no damage. The slime creature hits you!
You die...

#.#.# #.#.# #.#
#.#.#####. #.#
#......... ##.##
#.>.......
#...#####.J.......
###..........#
##......>###.J#
#...........@.#
p####R.......##..##
..9..☼.....####..#
.....°#....# #....
9####○#.#### #.####
....#.#†# #.#
....#...# #.#
....#...# #.#
....#...#


You could see 2 slime creatures.

Vanquished Creatures
  A boulder beetle (D:11)
  A hydra (Lair:1)
  6 two-headed ogres
  A centaur warrior (D:12)
  A skeletal warrior (D:13)
  A swamp dragon (D:12)
  An orc knight (D:12)
  A deep elf pyromancer (D:13)
  2 ugly things
  A centaur zombie (D:10)
  Joseph (D:9)
  A black mamba (Lair:1)
  2 cane toads
  A komodo dragon (Lair:1)
  A kobold demonologist (D:11)
  An efreet (D:13)
  An unseen horror zombie (D:10)
  A troll (D:11)
  A slime creature (D:13)
  Sigmund (D:5)
  3 shadows
  42 yaks
  Eustachio (D:5)
  5 wraiths
  4 steam dragons
  3 vampire mosquitoes (D:13)
  5 water moccasins
  3 acid dragons
  7 orc warriors
  A black bear (D:6)
  An ice beast (D:8)
  2 centaurs
  8 wolves
  An ogre (D:7)
  A phantom (D:5)
  2 kobold brigands
  3 scorpions
  6 bullfrogs
  3 gnoll sergeants
  5 wights (D:8)
  6 killer bees (D:9)
  4 howler monkeys
  An electric eel (D:7)
  A crimson imp (D:3)
  5 hounds
  4 orc priests
  4 jellies
  2 iguanas (D:5)
  Ijyb (D:3)
  4 orc wizards
  Robin (D:4)
  15 gnolls
  15 adders
  An ufetubus (D:5)
  A worm (D:3)
  27 orcs
  6 bats
  5 endoplasms
  4 giant cockroaches
  13 goblins
  7 hobgoblins
  4 jackals (D:3)
  2 quokkas (D:1)
  5 ball pythons
  6 frilled lizards
  22 kobolds
  7 rats
306 creatures vanquished.

Vanquished Creatures (others)
  An orc (Orc:1)
  A goblin (D:4)
  14 fungi
  29 plants
45 creatures vanquished.

Grand Total: 351 creatures vanquished

Notes
Turn   | Place    | Note
-------+----------+-------------------------------------------
     0 | D:5      | blackman the Human Delver began the quest for the Orb.
     0 | D:5      | Reached XP level 1. HP: 18/18 MP: 1/1
     1 | D:5      | Noticed a scorpion
    15 | D:5      | Noticed a jelly
    17 | D:5      | Noticed Sigmund
    82 | D:6      | Found Ivall's Armour Boutique.
   144 | D:6      | Noticed an orc priest
   183 | D:6      | Noticed a hound
   193 | D:6      | Killed a hound
   194 | D:6      | Reached XP level 2. HP: 22/24 MP: 2/2
   194 | D:6      | Reached XP level 3. HP: 26/29 MP: 3/3
   227 | D:6      | Reached XP level 4. HP: 24/35 MP: 4/4
   425 | D:6      | Found Xeenkes's Distillery.
   452 | D:6      | Found an iron altar of Okawaru.
   466 | D:6      | Became a worshipper of Warmaster Okawaru
   477 | D:6      | Found a broken altar of Ashenzari.
   501 | D:6      | Noticed a water moccasin
   590 | D:7      | Noticed an ogre
   592 | D:7      | Killed an ogre
   593 | D:7      | Reached skill level 5 in Evocations
   593 | D:7      | Reached XP level 5. HP: 41/41 MP: 5/5
  1234 | D:6      | Reached XP level 6. HP: 7/47 MP: 6/6
  1769 | D:5      | Reached skill level 1 in Long Blades
  1892 | D:5      | Reached skill level 2 in Long Blades
  2186 | D:5      | Killed Sigmund
  2186 | D:5      | Reached * piety under Okawaru
  2187 | D:5      | Reached skill level 3 in Long Blades
  2187 | D:5      | Reached XP level 7. HP: 52/52 MP: 7/7
  2724 | D:5      | Noticed Eustachio
  3741 | D:4      | Noticed Robin
  4610 | D:4      | Killed Robin
  5211 | D:4      | Found a transporter.
  5249 | D:4      | Found a transporter.
  5263 | D:4      | Reached skill level 4 in Long Blades
  5643 | D:3      | Found Rutoqub's Assorted Antiques.
  5696 | D:3      | Noticed Ijyb
  5710 | D:3      | Killed Ijyb
  5917 | D:3      | Reached XP level 8. HP: 57/58 MP: 8/8
  6333 | D:3      | Noticed Grinder
  6334 | D:3      | Noticed Grinder
  6334 | D:3      | Grinder changed into Grinder the crimson imp
  6343 | D:3      | Killed Grinder the crimson imp
  6964 | D:2      | Found a faded altar of an unknown god.
  7207 | D:3      | Bought a crystal sling for 214 gold pieces
  7207 | D:3      | Identified the +1 sling of Shrieking Terror {venom, rC++
                  | Will+ Int-2} (You bought it in a shop on level 3 of the
                  | Dungeon)
  7833 | D:5      | Found a staircase to the Ecumenical Temple.
  7839 | Temple   | Entered the Ecumenical Temple
  8121 | D:5      | Reached skill level 5 in Long Blades
  8405 | D:5      | Killed Eustachio
  8405 | D:5      | Reached ** piety under Okawaru
  9394 | D:6      | Reached skill level 6 in Long Blades
  9444 | D:6      | Reached XP level 9. HP: 63/63 MP: 9/9
 10079 | D:7      | Reached skill level 7 in Long Blades
 10873 | D:8      | Found a glowing golden altar of the Shining One.
 11248 | D:8      | Reached skill level 8 in Long Blades
 11253 | D:8      | Reached *** piety under Okawaru
 11515 | D:8      | Identified the +3 leather armour of the Unbroken {rElec
                  | Slay+2}
 11546 | D:8      | Identified the amulet "Elaecaekal" {Faith rF+}
 11781 | D:8      | Found a sacrificial altar of Ru.
 11781 | D:8      | Found an opulent altar of Gozag.
 12177 | D:8      | Found an ancient bone altar of Kikubaaqudgha.
 12179 | D:8      | Found a burning altar of Makhleb.
 12181 | D:8      | Found a radiant altar of Vehumet.
 12273 | D:8      | Reached skill level 9 in Long Blades
 12413 | D:9      | Noticed a two-headed ogre
 12727 | D:9      | Reached XP level 10. HP: 44/70 MP: 10/10
 12727 | D:9      | Killed a two-headed ogre
 12727 | D:9      | Reached **** piety under Okawaru
 12728 | D:9      | Reached skill level 11 in Long Blades
 12775 | D:9      | Found a shadowy altar of Dithmenos.
 12785 | D:9      | Noticed Joseph
 12793 | D:9      | HP: 3/70 [Joseph/sling bullet (16)]
 12793 | D:9      | HP: 1/70 [Joseph/sling bullet (2)]
 12795 | D:9      | Killed Joseph
 13519 | D:9      | Reached ***** piety under Okawaru
 13794 | D:9      | Reached skill level 12 in Long Blades
 15297 | D:9      | Found a staircase to the Lair.
 15544 | Lair:1   | Entered Level 1 of the Lair of Beasts
 15633 | Lair:1   | Reached XP level 11. HP: 6/75 MP: 11/11
 15638 | Lair:1   | Reached skill level 13 in Long Blades
 16654 | Lair:1   | Reached skill level 1 in Short Blades
 17872 | Lair:2   | Identified the +2 plate armour "Pexaip" {Dex+3} (Okawaru
                  | gifted it to you on level 2 of the Lair of Beasts)
 17872 | Lair:2   | Received a gift from Okawaru
 17880 | Lair:2   | Reached skill level 1 in Shields
 18846 | Lair:1   | HP: 3/77 [komodo dragon (27)]
 19664 | Lair:1   | Identified the +0 scale mail of the Tortured God {rC+ Str+2
                  | Dex-5}
 20403 | Lair:1   | Noticed a five-headed hydra
 20537 | Lair:1   | Killed a five-headed hydra
 20538 | Lair:1   | Reached skill level 5 in Shields
 21532 | D:10     | Entered Level 10 of the Dungeon
 22118 | D:10     | Found a glowing silver altar of Zin.
 22142 | D:10     | Noticed a two-headed ogre
 22185 | D:10     | Killed a two-headed ogre
 22610 | D:10     | Noticed a two-headed ogre
 22956 | D:10     | Reached XP level 12. HP: 34/83 MP: 12/12
 23446 | D:10     | Killed a two-headed ogre
 23446 | D:10     | Received a gift from Okawaru
 23907 | D:10     | Reached skill level 5 in Short Blades
 23988 | D:10     | Found a basalt altar of Yredelemnul.
 25613 | D:11     | Noticed a two-headed ogre
 26095 | D:11     | Noticed a boulder beetle
 26239 | D:11     | Killed a two-headed ogre
 26239 | D:11     | Reached ****** piety under Okawaru
 26239 | D:11     | Received a gift from Okawaru
 27729 | D:11     | Noticed a sun demon
 27846 | D:11     | HP: 1/124 [boulder beetle (35)]
 27853 | D:11     | Killed a boulder beetle
 29692 | D:12     | Reached XP level 13. HP: 63/88 MP: 13/13
 30053 | D:12     | Noticed a centaur warrior
 30074 | D:12     | Killed a centaur warrior
 30603 | D:12     | Found a staircase to the Orcish Mines.
 30617 | Orc:1    | Entered Level 1 of the Orcish Mines
 30617 | Orc:1    | Found Babolegg's Antique Armour Boutique.
 30622 | Orc:1    | Bought a scorched kite shield for 228 gold pieces
 30622 | Orc:1    | Identified the +3 kite shield of Terror {rF+ rN+} (You
                  | bought it in a shop on level 1 of the Orcish Mines)
 30780 | Orc:1    | Noticed an ogre mage
 32017 | D:13     | Reached skill level 10 in Shields
 32695 | D:13     | Noticed an ironbound preserver
 33088 | D:13     | Identified the +6 scimitar of War Nogg {pain, Str+3}
                  | (Okawaru gifted it to you on level 13 of the Dungeon)
 33088 | D:13     | Received a gift from Okawaru
 34018 | D:13     | Noticed a catoblepas
 35146 | D:13     | HP: 3/88 [something (8)]
 35149 | D:13     | Mangled by a slime creature

Illustrated notes

Levels and vault maps discovered:
D:1:      reono_arrival_forest_river, layout_rooms
D:2:      layout_rooms, nicolae_ecumenical_lake_church,
          dreamdust_mushroom_princess
D:3:      layout_loops_ring, serial_shops, nicolae_shop_advertising_works
          [nicolae_subvault_shop_adworks], feat_on_display, uniq_grinder,
          uniq_ijyb
D:4:      layout_basic, gammafunk_ghost_gnarly_gnolls, uniq_robin
D:5:      layout_layer_cave, lemuel_temple_firewalk_b, uniq_sigmund,
          uniq_eustachio
D:6:      layout_loops_ring, okawaru_gym_becter, nicolae_ashenzari_panopticon,
          serial_shops, nicolae_shop_stone, shop, serial_bayou_ford_a
D:7:      layout_basic, nrook_pool_corridor, dreamdust_princess_bridge
D:8:      layout_loops_corners, overflow_temple_1_default,
          chequers_temple_overflow_minitemple, serial_bayou_crossing
D:9:      layout_basic, amcnicky_altar_gilded, dpeg_oklobed_lair, uniq_joseph
D:10:     layout_irregular_city, pf_just_have_faith,
          lemuel_zombie_altar_yredelemnul, kennysheep_generic_room_11
D:11:     layout_rooms
D:12:     layout_loops_ring, david_orc_4
D:13:     layout_loops_ring, skrybe_vaults_entry_preservation
Temple:   grunt_temple_mini_profane
Lair:1:   layout_gridlike, minivault_11, cheibrodos_lair_caveside_slide,
          grunt_megastairs_3
Lair:2:   layout_layer_cave, bobbens_dragon_lair_wall
Orc:1:    layout_caves, serial_shops, shop

Skill      XL: |  1  2  3  4  5  6  7  8  9 10 11 12 13 |
---------------+----------------------------------------+-----
Evocations     | 2 3 5 6 8 |  8.5
Long Blades    | 3 4 6 9 12 13 | 13.0
Short Blades   | 4 9 |  9.7
Fighting       | 4 |  4.2
Shields        | 7 9 11 | 11.7
Axes           | |  2.0
Dodging        | |  2.0
Stealth        | |  5.0

Action                   |  1- 3 |  4- 6 |  7- 9 | 10-12 | 13-15 || total
-------------------------+-------+-------+-------+-------+-------++-------
Melee: Long sword        |    10 |    43 |   214 |    14 |    56 ||   337
       Dagger            |       |       |   189 |   320 |       ||   509
       Punch             |       |       |     5 |       |       ||     5
       Quick blade       |       |       |       |   157 |       ||   157
       Rapier            |       |       |       |   479 |    90 ||   569
       Scimitar          |       |       |       |       |    68 ||    68
 Fire: Sling             |       |       |   111 |    41 |       ||   152
Throw: Dart              |       |       |       |    15 |     1 ||    16
       Throwing net      |       |       |       |     1 |       ||     1
       Boomerang         |       |       |       |     2 |       ||     2
Invok: Heroism           |       |       |       |       |     3 ||     3
Evoke: Wand              |       |     7 |    12 |    20 |     2 ||    41
  Use: Potion            |     1 |       |       |     8 |     9 ||    18
       Scroll            |       |       |     9 |    13 |     5 ||    27
 Stab: Sleeping          |       |     1 |     5 |     2 |       ||     8
Armor: Leather armour    |     6 |     9 |   156 |   187 |    34 ||   392
       Acid dragon scale |       |       |    18 |       |       ||    18
       Skin              |       |       |       |     2 |     5 ||     7
Dodge: Dodged            |     6 |    34 |   305 |   223 |    41 ||   609
Block: Kite shield       |       |       |    38 |   305 |   120 ||   463

Table legend: (Time is in decaauts)
 A = Elapsed time spent in this place.
 B = Non-inter-level travel time spent in this place.
 C = Inter-level travel time spent in this place.
 D = Time resting spent in this place.
 E = Time spent auto-exploring this place.
 F = Levels seen in this place.
 G = Mean time per level.
                   A        B        C        D        E       F      G
               +--------+--------+--------+--------+--------+-----+--------+
         Total |  34866 |  33607 |   1259 |  18996 |  10438 |  17 | 2050.9 |
       Dungeon |  30014 |  28854 |   1160 |  15887 |   9338 |  13 | 2308.8 |
        Temple |    190 |    153 |     37 |      0 |    148 |   1 |  190.0 |
          Lair |   4625 |   4565 |     60 |   3109 |    952 |   2 | 2312.5 |
  Orcish Mines |     35 |     33 |      2 |      0 |      0 |   1 |   35.0 |
               +--------+--------+--------+--------+--------+-----+--------+

Top non-repeatable levels by time:
    D:10: 4508 daAuts
    D:12: 4212 daAuts
  Lair:1: 3790 daAuts
     D:9: 3608 daAuts
     D:5: 3345 daAuts
     D:8: 2446 daAuts
    D:13: 2143 daAuts
     D:7: 2031 daAuts
    D:11: 1920 daAuts
     D:6: 1822 daAuts
     D:4: 1769 daAuts
     D:3: 930 daAuts
  Lair:2: 834 daAuts
     D:2: 692 daAuts
     D:1: 581 daAuts
